 Dungeon Crawl Stone Soup version 0.17-a0-1920-gafa4d75 (webtiles) character file.

23485 barthelm the Swashbuckler (level 13, -6/84 HPs)
             Began as a Kobold Berserker on Sept 27, 2015.
             Was an Elder of Trog.
             Mangled by an orc warlord
             ... wielding a +0 halberd
              (31 damage)
             ... on level 4 of the Orcish Mines.
             The game lasted 01:27:02 (17356 turns).

barthelm the Swashbuckler (Kobold Berserker)       Turns: 17356, Time: 01:27:02

Health: -6/84      AC: 14    Str: 22    XL:     13   Next: 35%
Magic:  7/7        EV: 27    Int:  5    God:    Trog [****..]
Gold:   1418       SH:  0    Dex: 24    Spells: 0 memorised, 12 levels left

rFire  + + .     SeeInvis .     U - +4 rapier (antimagic)
rCold  . . .     Clarity  .     Q - +0 leather armour {rF+}
rNeg   . . .     SustAt   .     (shield restricted)
rPois  .         Gourm    .     O - +0 helmet of a bazaar {rF+ Str+3 Dex+7}
rElec  .         Spirit   .     M - +2 cloak {MR+}
rCorr  .         Warding  .     p - +2 pair of gloves
rMut   .         Stasis   .     r - +2 pair of boots
MR     +++..                    (no amulet)
Stlth  +++++++...               N - ring of magical power
                                g - ring of flight

@: exhausted, regenerating, slowed, very slow, extremely resistant to hostile
enchantments, extremely stealthy
A: carnivore 3
a: Burn Spellbooks, Berserk, Trog's Hand, Brothers in Arms, Renounce Religion,
Evoke Flight


You were on level 4 of the Orcish Mines.
You worshipped Trog.
Trog was greatly pleased with you.
You were near starving.

You visited 2 branches of the dungeon, and saw 16 of its levels.
You also visited: Labyrinth.

You collected 1418 gold pieces.

Inventory:

Hand weapons
 J - a +3 short sword of venom
 U - a +4 antimagic rapier (weapon)
Missiles
 w - 3 tomahawks of returning
 W - 34 tomahawks (quivered)
Armour
 b - a +0 animal skin
 f - a +1 leather armour
 l - a +2 helmet
 p - a +2 pair of gloves (worn)
 r - a +2 pair of boots (worn)
 M - a +2 cloak of magic resistance (worn)
 O - the +0 helmet of a bazaar (worn) {rF+ Str+3 Dex+7}
   (You found it on level 9 of the Dungeon)

   It affects your strength (+3).
   It affects your dexterity (+7).
   It protects you from fire.
 Q - a +0 leather armour of fire resistance (worn)
Jewellery
 g - a ring of flight (left hand)
 t - a cursed ring of teleportation {unknown}
 N - a ring of magical power (right hand)
Magical devices
 e - a wand of frost (32)
 j - a wand of draining (10)
 x - a wand of digging (2)
 B - a wand of digging (0)
 F - a wand of cold (15)
 H - a wand of confusion (29)
 I - a wand of paralysis (8)
 K - a wand of paralysis (13)
 T - a wand of teleportation (3)
 V - a wand of disintegration (11)
 Z - a wand of draining (7)
Scrolls
 i - 4 scrolls of blinking
 o - 2 scrolls of amnesia
 u - 2 scrolls of remove curse
 v - a scroll of fear
 y - 4 scrolls of noise
 A - 4 scrolls of magic mapping
 C - 3 scrolls of recharging
 D - 3 scrolls of random uselessness
 G - 2 scrolls of fog
 Y - a scroll of summoning
Potions
 a - a potion of invisibility
 d - a potion of agility
 h - a potion of magic
 k - a potion of heal wounds
 m - a potion of brilliance
 q - 2 potions of flight
 s - a potion of lignification
 E - a potion of curing
 L - a potion of cure mutation {unknown}
 R - a potion of mutation
 S - 3 potions of ambrosia
 X - a potion of haste {unknown}
Miscellaneous
 n - a plain deck of war
Comestibles
 c - 5 meat rations
 z - 9 royal jellies
 P - 2 slices of pizza


   Skills:
 + Level 11.1 Fighting
 + Level 15.1 Short Blades
 * Level 5.7 Armour
 * Level 11.2 Dodging
 + Level 13.9 Stealth


You had 12 spell levels left.
You didn't know any spells.

Dungeon Overview and Level Annotations

Branches:
Dungeon (12/15)            Temple (0/1) D:5            Lair (0/8) D:9
    Orc (4/4) D:12            Elf (0/3) Orc:3

Altars:
Elyvilon
Ru
Sif Muna
Trog
Vehumet
Xom
Beogh

Shops:
D:11 %   Orc:3 }   Orc:4 (


Innate Abilities, Weirdness & Mutations

You are small and have problems with some larger weapons.
You are carnivorous and can eat meat at any time.


Message History

Okay, then.
Use which ability?
Your skin crawls.
You feel resistant to hostile enchantments.
You feel slightly more hungry. The orc warlord completely misses you.
The orc warrior misses you.
You closely miss the orc warlord.
The orc warlord is severely wounded.
The orc warlord hits you with a halberd.
* * * LOW HITPOINT WARNING * * *
The orc warrior hits you but does no damage.
Use which ability?
You fail to use your ability.
The orc warlord hits you with a halberd.
* * * LOW HITPOINT WARNING * * *
The orc warrior misses you.
Use which ability?
You fail to use your ability.
The orc warlord hits you with a halberd!!
You die...

......# #...........#.........#
.............##..........#......
..#.........###..........#.......
...###......###.#.....####...#...
#.....P..###.....# #.##...
.P...........# P..P.........#
..8...o..)#.....#
......o@))##..... ..∩...P).##
#.... .......)## .... ........#
... .P....... .# ....P....
P........ ...##..... .# ###.


You could see an orc warlord and an orc warrior (frenzied).

Vanquished Creatures
  Rupert (D:12)
  Gastronok (D:8)
  A minotaur (Lab)
  Erica (D:11)
  Urug (Orc:2)
  An orc high priest (Orc:4)
  Sonja (Orc:2)
  An orc sorcerer (Orc:4)
  3 orc knights (Orc:4)
  2 cyclopes (D:11)
  Maurice (D:8)
  2 centaur skeletons
  A komodo dragon (D:9)
  2 trolls
  A two-headed ogre (D:11)
  A trapdoor spider (Lab)
  3 slime creatures (D:9)
  The ghost of Tux the Ruffian, an average VSTm of Cheibriados (D:7)
  3 wyverns
  3 hungry ghosts
  2 hippogriffs
  2 wargs
  30 orc warriors
  A phantom (D:7)
  2 sky beasts
  A wasp (D:8)
  4 ice beasts
  10 ogres
  8 centaurs
  2 crocodiles
  3 big kobolds
  7 giant frogs
  A wyvern skeleton (D:10)
  2 scorpions
  15 killer bees
  8 wights
  4 jellies
  2 giant frog zombies
  7 crimson imps
  2 quasits
  A lava snake (Orc:3)
  2 hounds
  18 orc priests
  3 iguanas
  19 orc wizards
  10 worker ants
  A hound zombie (D:7)
  A hound skeleton (D:6)
  7 adders
  4 gnolls (D:10)
  A shadow imp (D:8)
  6 oozes
  3 adder skeletons
  3 worms
  118 orcs
  3 ball pythons
  5 giant cockroaches
  4 hobgoblins
  2 jackals (D:8)
  16 kobolds
  4 bats
  2 giant geckos
  A giant gecko skeleton (D:8)
  2 giant gecko zombies
  A giant newt (D:2)
  5 goblins
  A jackal skeleton (D:7)
  8 quokkas
  4 rats
399 creatures vanquished.

Vanquished Creatures (collateral kills)
  2 hydras (D:12)
  A deep elf mage (D:10)
  An orc warrior (Orc:2)
  An ogre (D:12)
  A killer bee (D:10)
  A jelly (D:12)
  5 orcs (Orc:2)
12 creatures vanquished.

Vanquished Creatures (others)
  2 ogres (D:6)
  A killer bee (D:10)
  A worker ant (D:6)
  An iguana (D:6)
  An orc (D:6)
  6 fungi (Orc:4)
  8 plants (D:9)
20 creatures vanquished.

Grand Total: 431 creatures vanquished

Notes
Turn   | Place    | Note
--------------------------------------------------------------
     0 | D:1      | barthelm the Kobold Berserker began the quest for the Orb.
     0 | D:1      | Reached XP level 1. HP: 14/14 MP: 1/1
   158 | D:1      | Reached XP level 2. HP: 17/19 MP: 2/2
  1618 | D:2      | Reached XP level 3. HP: 21/23 MP: 3/3
  1788 | D:2      | Found a radiant altar of Vehumet.
  2286 | D:3      | Reached XP level 4. HP: 27/29 MP: 4/4
  2410 | D:3      | Reached skill level 5 in Short Blades
  2420 | D:3      | Reached skill level 1 in Stealth
  2423 | D:3      | Acquired Trog's second power
  3369 | D:5      | Entered Level 5 of the Dungeon
  3375 | D:5      | Reached XP level 5. HP: 34/34 MP: 5/5
  3609 | D:5      | Found a bloodstained altar of Trog.
  3743 | D:5      | Found a staircase to the Ecumenical Temple.
  4081 | D:6      | Noticed an orc warrior
  4085 | D:6      | Reached XP level 6. HP: 40/40 MP: 6/6
  4087 | D:6      | Reached skill level 5 in Fighting
  4087 | D:6      | Reached skill level 6 in Short Blades
  4094 | D:6      | Killed an orc warrior
  4096 | D:6      | Reached XP level 7. HP: 44/44 MP: 7/7
  4130 | D:6      | Noticed an ice beast
  4159 | D:6      | Killed an ice beast
  4162 | D:6      | Killed an ogre
  4166 | D:6      | Noticed an orc warrior
  4177 | D:6      | Killed an orc warrior
  4177 | D:6      | Reached skill level 7 in Short Blades
  4177 | D:6      | Reached skill level 5 in Stealth
  4300 | D:6      | Found a shimmering altar of Xom.
  4300 | D:6      | Noticed an ogre
  4328 | D:6      | Killed an ogre
  4472 | D:6      | Reached skill level 8 in Short Blades
  4472 | D:6      | Reached XP level 8. HP: 43/51 MP: 8/8
  4697 | D:6      | Noticed a sky beast
  4709 | D:6      | Killed a sky beast
  4786 | D:6      | Noticed an ogre
  4787 | D:6      | Killed an ogre
  4787 | D:6      | Reached skill level 9 in Short Blades
  4870 | D:6      | Noticed an ogre
  4879 | D:6      | Killed an ogre
  5041 | D:7      | Reached XP level 9. HP: 39/57 MP: 9/9
  5107 | D:7      | Reached skill level 10 in Short Blades
  5396 | D:7      | Noticed Tux's ghost (average VSTm)
  5435 | D:7      | Reached skill level 11 in Short Blades
  5503 | D:7      | Killed Tux's ghost
  6209 | D:8      | Reached XP level 10. HP: 65/65 MP: 10/10
  6255 | D:8      | Noticed Maurice
  6259 | D:8      | Killed Maurice
  6299 | D:8      | Acquired Trog's third power
  6363 | D:8      | Noticed Gastronok
  6385 | D:8      | Killed Gastronok
  6385 | D:8      | Reached skill level 12 in Short Blades
  6430 | D:8      | Found a deep blue altar of Sif Muna.
  6799 | D:8      | Found a sacrificial altar of Ru.
  7219 | D:9      | Reached skill level 13 in Short Blades
  7219 | D:9      | Reached XP level 11. HP: 45/72 MP: 11/11
  7553 | D:9      | Found a staircase to the Lair.
  7753 | D:9      | Found a white marble altar of Elyvilon.
  7840 | D:9      | Reached skill level 10 in Fighting
  7848 | D:9      | Got a shimmering helmet
  7859 | D:9      | Identified the cursed +0 helmet of a bazaar {rF+ Str+3 Dex+7} (You found it on level 9 of the Dungeon)
  8044 | D:10     | Entered Level 10 of the Dungeon
  8315 | D:10     | Reached skill level 5 in Dodging
  8980 | D:11     | Noticed a cyclops
  8988 | D:11     | Killed a cyclops
  9042 | D:11     | Found Pich's Food Shop.
  9200 | D:11     | Received a gift from Trog
  9241 | D:11     | Noticed Erica
  9263 | D:11     | Killed Erica
  9366 | D:11     | Noticed a cyclops
  9371 | D:11     | Killed a cyclops
  9371 | D:11     | Reached XP level 12. HP: 69/78 MP: 7/12
  9679 | D:12     | Noticed Rupert
  9705 | D:12     | Killed Rupert
  9705 | D:12     | Reached skill level 14 in Short Blades
  9832 | D:12     | Found a staircase to the Orcish Mines.
  9836 | D:12     | Noticed a seven-headed hydra
  9845 | D:12     | Killed a seven-headed hydra
  9866 | D:12     | Noticed a four-headed hydra
  9879 | D:12     | Killed a four-headed hydra
 10047 | D:12     | Found a roughly hewn altar of Beogh.
 10629 | Orc:1    | Entered Level 1 of the Orcish Mines
 10856 | Orc:1    | Found a roughly hewn altar of Beogh.
 10991 | Orc:2    | Noticed Sonja
 11001 | Orc:2    | Found a roughly hewn altar of Beogh.
 11056 | Orc:2    | Noticed Urug
 11063 | Orc:2    | Killed Urug
 11094 | Orc:2    | Reached skill level 5 in Armour
 11354 | Orc:2    | Killed Sonja
 11793 | Orc:3    | Reached skill level 10 in Dodging
 11932 | Orc:3    | Found a staircase to the Elven Halls.
 11936 | Orc:3    | Found Sueruchu's Gadget Shoppe.
 12144 | Orc:4    | Entered Level 4 of the Orcish Mines
 12258 | Orc:4    | Reached XP level 13. HP: 33/84 MP: 7/13
 12439 | Orc:4    | Noticed an orc high priest
 12450 | Orc:4    | Killed an orc high priest
 12557 | Orc:4    | Found a labyrinth entrance.
 12559 | Orc:4    | Found Beergheso's Antique Weapon Emporium.
 12566 | Lab      | Entered a labyrinth
 13549 | Lab      | Reached skill level 15 in Short Blades
 17278 | Lab      | Noticed a minotaur
 17285 | Lab      | Killed a minotaur
 17316 | Orc:4    | Noticed an orc warlord
 17356 | Orc:4    | Mangled by an orc warlord

Vault maps used:
D:1:      lightli_arrival_boilingwater, minmay_unequal
D:2:      fiery_altar_vehumet, first_bread
D:5:      minmay_temple_entry_fiery, basic_altar
D:6:      kennysheep_six_static_rooms, xom_confusion_cloud
D:7:      grunt_ministairs_15
D:8:      nicolae_ru_sacrificial_ziggurat, kennysheep_little_box,
          hangedman_little_slice_of_home, grunt_ministairs_7, uniq_gastronok,
          uniq_maurice
D:9:      nicolae_overflow_hidden_temple, david_lair_shrubbed
D:10:     corexii_hall_statues_s
D:11:     serial_shops, shop, uniq_erica
D:12:     orc_0_dummy, special_room, uniq_rupert
Orc:1:    minmay_orc_temple_b
Orc:2:    mines2_david, uniq_urug, uniq_sonja
Orc:3:    basic_altar, serial_shops, shop, shop_statue, shop,
          nicolae_orc_pool_cavern, nicolae_orc_lava_tube
Orc:4:    grunt_orc_gardens, grunt_orc_garden, grunt_orc_garden,
          grunt_orc_garden, grunt_orc_garden, basic_altar, lab_entry_generic
Lab:      nicolae_lab_arrow

Action                   |  1- 3 |  4- 6 |  7- 9 | 10-12 | 13-15 || total
-------------------------+-------+-------+-------+-------+-------++-------
Melee: Short sword       |   115 |   119 |   345 |   305 |       ||   884
       Rapier            |       |       |       |   557 |   152 ||   709
Invok: Berserk           |       |     3 |     9 |    22 |     2 ||    36
       Trog's Hand       |       |     1 |     3 |    11 |     2 ||    17
       Brothers in Arms  |       |       |       |     4 |       ||     4
 Abil: Evoke Flight      |       |       |     1 |     1 |     1 ||     3
       Stop Flying       |       |       |       |     1 |       ||     1
Evoke: Wand              |       |       |       |     2 |    13 ||    15
  Use: Scroll            |     3 |     4 |    10 |    20 |     3 ||    40
       Potion            |       |       |       |     1 |       ||     1
 Stab: Sleeping          |     3 |     3 |     9 |    42 |     2 ||    59
       Distracted        |       |       |     3 |     7 |       ||    10
  Eat: Chunk             |     8 |    10 |    18 |    43 |     4 ||    83
       Beef jerky        |       |       |       |     1 |     3 ||     4
       Royal jelly       |       |       |       |       |     2 ||     2
